Map: Triton LE

Players

Serral - Winner!

  • Race: Zerg Zerg
  • League: Master
  • Spawn Location: 11:00

BlyOnFire (Bly)

  • Race: Zerg Zerg
  • League: Grandmaster
  • Spawn Location: 5:00

Event: HomeStory Cup XX

VOD

Have the link to the VOD?

Description

Time

  • Played on: Nov. 22, 2019, 2:49 p.m.
  • Length: 10:01

All games in this series

Show
View Real Time Build Order
Export as new Build Order

Serral Zerg - Winner!

Build Orders: Hatch First 

Get SALT Encoding   

  12  0:01  Drone  
  13  0:12  Overlord  
  13  0:16  Drone  
  14  0:30  Drone x2  
  16  0:48  Hatchery  
  15  0:51  Drone  
  15  0:54  Drone  
  17  0:58  Drone  
  18  1:08  Extractor  
  17  1:13  Spawning Pool  
  17  1:16  Drone  
  17  1:19  Drone  
  18  1:28  Drone  
  19  1:39  Drone  
  20  1:49  Drone  
  21  1:59  Queen  
  21  2:00  Queen, Overlord  
  21  2:01  Zergling x2  
  26  2:09  Metabolic Boost  
  26  2:10  Drone  
  26  2:11  Drone  
  28  2:21  Drone x2  
  30  2:32  Hatchery  
  30  2:35  Drone  
  30  2:37  Drone  
  30  2:43  Overlord  
  31  2:46  Drone  
  31  2:54  Drone x2  
  33  3:00  Evolution Chamber  
  33  3:05  Drone  
  33  3:07  Zergling x10  
  33  3:08  Zergling x2  
  39  3:13  Overlord  
  39  3:17  Drone x2  
  41  3:26  Zerg Missile Weapons Level 1  
  41  3:30  Drone x2  
  43  3:36  Roach Warren  
  43  3:38  Drone x3  
  43  3:40  Drone  
  43  3:41  Drone  
  47  3:42  Drone  
  47  3:44  Drone  
  47  3:46  Drone  
  50  3:51  Queen  
  50  3:54  Extractor x2  
  50  3:57  Drone  
  50  3:58  Drone x2  
  50  4:00  Drone  
  54  4:03  Drone  
  54  4:08  Lair  
  55  4:12  Overlord x2  
  55  4:15  Drone  
  56  4:18  Roach  
  56  4:23  Overlord  
  58  4:30  Roach x3  
  58  4:31  Zergling x6  
  67  4:36  Zergling x2  
  67  4:41  Evolution Chamber  
  66  4:46  Roach x3  
  71  4:52  Evolution Chamber  
  71  4:55  Overlord, Evolution Chamber  
  70  5:00  Extractor  
  70  5:03  Overlord  
  70  5:04  Roach x3  
  70  5:05  Roach  
  76  5:10  Glial Reconstitution  
  69  5:23  Drone, Spire  
  69  5:26  Overseer  
  69  5:27  Drone  
  69  5:28  Drone  
  70  5:30  Hatchery  
  70  5:31  Drone x2  
  70  5:35  Drone x2  
  73  5:44  Overlord  
  73  5:47  Roach x3  
  79  5:59  Hatchery  
  79  6:00  Overlord x2  
  68  6:30  Drone x3  
  68  6:31  Drone  
  70  6:36  Mutalisk x6  
  82  6:44  Queen  
  84  6:49  Mutalisk  
  84  6:51  Drone  
  84  6:52  Overlord  
  87  6:59  Mutalisk  
  89  7:05  Mutalisk  
  91  7:10  Queen  
  91  7:14  Roach x3  
  99  7:18  Overlord  
  99  7:20  Overlord  
  99  7:25  Roach x5  
  108  7:39  Roach x6  
  108  7:43  Roach x2  
  114  7:50  Roach x3  
  114  8:01  Drone x4  
  118  8:08  Drone  
  118  8:09  Drone x6  
  125  8:17  Extractor  
  124  8:25  Extractor, Drone  
  124  8:26  Drone  
  125  8:29  Roach  
  125  8:30  Roach x3  
  133  8:35  Roach x2  
  137  8:47  Overlord x3  
  137  8:53  Overlord  
  137  8:59  Overlord  
  137  9:00  Overlord  
  137  9:08  Roach x7  
  151  9:15  Roach x4  
  154  9:27  Roach x3  
  159  9:41  Roach x6  
Show
View Real Time Build Order
Export as new Build Order

BlyOnFire Zerg 

Build Orders: Hatch First 

Get SALT Encoding   

  12  0:01  Drone  
  13  0:13  Overlord  
  13  0:18  Drone  
  14  0:31  Drone  
  14  0:32  Drone  
  16  0:48  Hatchery  
  15  0:51  Drone  
  15  0:56  Drone  
  17  0:58  Drone  
  18  1:11  Extractor  
  18  1:14  Spawning Pool  
  18  1:17  Drone  
  17  1:20  Drone  
  18  1:29  Drone  
  19  1:39  Drone  
  20  1:49  Evolution Chamber  
  20  1:51  Overlord  
  19  2:00  Drone  
  19  2:01  Queen, Drone  
  21  2:04  Queen  
  25  2:12  Drone x2  
  27  2:17  Zerg Melee Weapons Level 1  
  27  2:23  Zergling x4  
  29  2:35  Drone x2  
  31  2:45  Drone  
  31  2:46  Overlord  
  32  2:55  Metabolic Boost  
  32  2:57  Drone x2  
  34  2:59  Queen  
  36  3:13  Drone x4  
  36  3:14  Drone x4  
  44  3:20  Overlord  
  44  3:28  Evolution Chamber  
  41  3:35  Roach Warren  
  41  3:37  Evolution Chamber, Baneling Nest  
  38  3:43  Zergling x10  
  38  3:46  Zergling x2  
  38  3:47  Zergling x2  
  45  3:59  Zergling x10  
  50  4:10  Zergling x4  
  50  4:12  Overlord x2  
  52  4:19  Zerg Ground Armor Level 1  
  52  4:30  Overlord  
  52  4:35  Zergling x10  
  57  4:41  Hatchery, Baneling  
  57  4:42  Baneling x3  
  56  4:51  Zergling x12  
  60  5:02  Overlord  
  56  5:21  Zergling x14  
  55  5:29  Drone x4  
  55  5:34  Drone  
  60  5:38  Extractor  
  60  5:39  Drone  
  60  5:40  Extractor, Drone x2  
  60  5:41  Drone  
  62  5:45  Overlord  
  59  5:52  Drone x4  
  62  6:01  Overlord  
  62  6:02  Roach  
  64  6:08  Roach x2  
  68  6:13  Roach x3  
  73  6:25  Roach x5  
  77  6:40  Zergling x22  
  77  6:41  Ravager x3  
  91  6:48  Hatchery  
  91  6:52  Zergling x6  
  94  6:54  Ravager  
  94  6:56  Ravager  
  94  7:00  Zergling x2  
  96  7:07  Zergling x10  
  101  7:14  Overlord  
  101  7:15  Lair  
  101  7:18  Zergling x10  
  106  7:27  Overlord  
  76  7:45  Zergling x30  
  67  8:07  Spore Crawler  
  67  8:08  Spore Crawler x2, Queen x2  
  68  8:18  Nydus Network  
  67  8:23  Drone x6  
  73  8:29  Overlord x2  
  72  8:34  Extractor  
  72  8:39  Overlord x2  
  69  8:57  Drone x4  
  69  9:00  Roach x7  
  69  9:02  Overseer  
  83  9:13  Roach x4  
  90  9:22  Roach x3  
  91  9:35  Roach x6  
  92  9:40  Roach x2  
Tags
 
Add a new tag
Caveats
  • Supply blocks, unpowered buildings, or Contaminate may cause inaccurate times.
  • Supply counts are checked every 10 seconds.